 Dungeon Crawl Stone Soup version 0.27-a0-906-g0a00ce863d (webtiles) character file.

Game seed: 17053817283665463032

896 Cheivey the Skirmisher (level 7, 0/52 (56) HPs)
             Began as a Demonspawn Fighter on Apr 6, 2021.
             Slain by a wight
             ... wielding a +3 spear
              (7 damage)
             ... on level 4 of the Dungeon.
             The game lasted 00:07:09 (5718 turns).

Cheivey the Skirmisher (Demonspawn Fighter)         Turns: 5718, Time: 00:07:09

HP:   0/52 (56)     AC:  9    Str: 18    XL:     7   Next: 79%
MP:   7/7           EV:  7    Int: 15    God:
Gold: 238           SH: 10    Dex: 15    Spells: 6/6 levels left

rFire    . . .     SeeInvis .   a - +0 long sword
rCold    + . .     Faith    .   c - +0 kite shield
rNeg     . . .     Spirit   .   b - +0 scale mail
rPois    +         Reflect  .   (no helmet)
rElec    .         Harm     .   (no cloak)
rCorr    .         Rampage  .   (no gloves)
Will     .....                  (no boots)
Stlth    ..........             (no amulet)
HPRegen  0.17/turn              d - ring "Nayh" {rPois rC+ Int+6 Dex+2}
MPRegen  0.10/turn              (no ring)

@: attractive, drained
A: hooves 1, thin metallic scales 1, foul stench 1, powered by death 1
a: no special abilities


You were on level 4 of the Dungeon.
You visited 1 branch of the dungeon, and saw 4 of its levels.

You collected 238 gold pieces.

Inventory:

Hand Weapons
 a - a +0 long sword (weapon)
Armour
 b - a +0 scale mail (worn)
 c - a +0 kite shield (worn)
Jewellery
 d - the ring "Nayh" (left hand) {rPois rC+ Int+6 Dex+2}
   (You acquired it on level 1 of the Dungeon)

   [ring of intelligence]

   It affects your intelligence (+6).
   It affects your dexterity (+2).
   It protects you from cold.
   It protects you from poison.
Wands
 e - a wand of flame (14)
Scrolls
 f - 2 scrolls of blinking
 h - a scroll of enchant weapon {unknown}
 j - a scroll of vulnerability {unknown}
 k - 2 scrolls of fog
 m - 2 scrolls of identify
 n - a scroll of magic mapping {unknown}
 p - a scroll of fear {unknown}
Potions
 g - a potion of brilliance
 i - a potion of attraction
 l - a potion of cancellation
 o - a potion of curing {unknown}


   Skills:
 + Level 5.3 Fighting
 + Level 4.3 Long Blades
 + Level 4.9 Armour
 + Level 4.8 Shields


You had 6 spell levels left.
You didn't know any spells.
Your spell library contained the following spells:

 Spells                   Type           Power      Damage    Failure   Level
 Animate Skeleton         Necr           0%         N/A       96%         1
 Apportation              Tloc           0%         N/A       96%         1
 Corona                   Hex            0%         N/A       96%         1
 Summon Small Mammal      Summ           0%         N/A       96%         1


Dungeon Overview and Level Annotations

Branches:
Dungeon (4/15)
 Temple: D:4-7

Altars:

Shops:
D:3 [


Innate Abilities, Weirdness & Mutations

You have large cloven feet.
You are partially covered in thin metallic scales. (AC +2)
You may rarely emit foul miasma when damaged in melee.
You regenerate a little health from kills.


Message History

You block the wight's attack. The necrophage hits you.
You feel drained. You block the wight's attack.
You barely miss the necrophage.
You kick the necrophage, but do no damage.
The necrophage is heavily damaged.
You block the necrophage's attack. The wight closely misses you.
Your shield and scale mail prevent you from hitting the necrophage.
You kick the necrophage.
The necrophage is heavily damaged.
You block the necrophage's attack.
The wight hits you from afar with a +3 spear.
You feel drained.
The necrophage hits you but does no damage.
The wight hits you from afar with a +3 spear!
The wight is pulled toward you! The wight is pulled toward you!
The wight is pulled toward you! The wight is pulled toward you!
You hit the necrophage but do no damage.
You kick the necrophage.
The necrophage is heavily damaged.
The necrophage barely misses you.
You slash the necrophage! You kick the necrophage.
You destroy the necrophage!
The wight hits you from afar with a +3 spear.
You feel drained. The wight is pulled toward you!
You completely miss the wight. The wight hits you with a +3 spear.
You feel drained.
You emit a cloud of foul miasma!
The wight hits you with a +3 spear.
You feel drained.
You slash the wight! You kick the wight, but do no damage.
The wight is severely damaged.
You block the wight's attack.
You hit the wight but do no damage. Your kick misses the wight.
The wight is severely damaged.
The wight hits you with a +3 spear!
* * * LOW HITPOINT WARNING * * *
You hit the wight. You kick the wight, but do no damage.
The wight is severely damaged.
You block the wight's attack. The wight hits you with a +3 spear!
You die...

#........###8##.#.#.#.#.# #.
#...).......###)#'#'#†#'#+##.
#........##..'............##.
#........######'#'#'#'#'#+##.
#........# #.#.#.#.#.# #..
#........##################.#
#######....z...#.#......#.#..
#.#####z.#.#.#.#.##.##. #.#
#@....#.#.#....##. #.#
#...#............. #.#
#.......#.######## #.#
#####.###... #. #.# ##### #.#
#.# #.# ..


You could see a wight.

Vanquished Creatures
  Grinder (D:4)
  3 necrophages (D:4)
  A wight (D:4)
  2 orc priests (D:3)
  A bullfrog skeleton (D:4)
  An iguana (D:4)
  An orc wizard (D:3)
  2 scorpion zombies (D:4)
  2 hound skeletons (D:4)
  2 mummies (D:4)
  4 gnolls (D:4)
  2 adders
  5 dart slugs
  8 orcs
  5 ball pythons
  4 endoplasms
  5 giant cockroaches
  7 goblins
  6 hobgoblins
  13 jackals
  8 quokkas
  4 bats
  A frilled lizard (D:2)
  9 kobolds
  A quokka zombie (D:4)
  3 rats
101 creatures vanquished.

Notes
Turn   | Place    | Note
-------+----------+-------------------------------------------
     0 | D:1      | Cheivey the Demonspawn Fighter began the quest for the Orb.
     0 | D:1      | Reached XP level 1. HP: 18/18 MP: 1/1
    63 | D:1      | Gained mutation: You may rarely emit foul miasma when
                  | damaged in melee. [demonic ancestry]
    63 | D:1      | Reached XP level 2. HP: 19/24 MP: 2/2
   558 | D:1      | Gained mutation: You regenerate a little health from kills.
                  | [demonic ancestry]
   558 | D:1      | Reached XP level 3. HP: 16/29 MP: 3/3
  1151 | D:1      | Identified a scroll of acquirement
  1151 | D:1      | Acquired the ring "Nayh" {rPois rC+ Int+6 Dex+2}
  1487 | D:2      | Found a faded altar of an unknown god.
  2025 | D:3      | Reached XP level 4. HP: 35/35 MP: 4/4
  2298 | D:3      | Found Muept's Antique Armour Boutique.
  2367 | D:3      | Gained mutation: You are partially covered in thin metallic
                  | scales. (AC +2) [demonic ancestry]
  2367 | D:3      | Reached XP level 5. HP: 41/42 MP: 5/5
  3301 | D:4      | Reached skill level 4 in Fighting
  3741 | D:4      | Reached XP level 6. HP: 4/48 MP: 6/6
  4170 | D:4      | Noticed Grinder
  4193 | D:4      | Killed Grinder
  4506 | D:4      | Gained mutation: You have large cloven feet. [demonic
                  | ancestry]
  4506 | D:4      | Reached XP level 7. HP: 38/55 MP: 7/7
  5414 | D:4      | Reached skill level 5 in Fighting
  5718 | D:4      | Slain by a wight

Illustrated notes

Levels and vault maps discovered:
D:1:      psy_arrival_radial02, layout_basic, hangedman_decor_clover_reticule,
          roderic_three_in_a_row, minmay_hexomino_c4
D:2:      layout_basic, basic_ecumenical_altar, hangedman_decor_diamond_cutter
D:3:      layout_basic, serial_shops, nicolae_shop_behind_doors
D:4:      layout_basic, lemuel_mausoleum_altar_yredelemnul, minivault_5,
          solitary_fountain, kennysheep_cross_room, kennysheep_generic_room_11,
          uniq_grinder

Skill      XL: |  1  2  3  4  5  6  7 |
---------------+----------------------+-----
Long Blades    | 2 3 4 |  4.3
Armour         | 3 4 |  4.9
Shields        | 3 4 |  4.8
Fighting       | 4 5 |  5.3

Action                   |  1- 3 |  4- 6 |  7- 9 || total
-------------------------+-------+-------+-------++-------
Melee: Long sword        |   181 |   159 |    71 ||   411
       Kick              |       |       |    39 ||    39
  Use: Potion            |     1 |     4 |     1 ||     6
       Scroll            |     8 |     4 |       ||    12
Armor: Scale mail        |   101 |    55 |    23 ||   179
       Skin              |       |    25 |       ||    25
Dodge: Dodged            |    80 |    44 |    15 ||   139
Block: Kite shield       |   135 |    98 |    30 ||   263
       Rpst.: Long sword |    31 |    13 |     5 ||    49

Table legend: (Time is in decaauts)
 A = Elapsed time spent in this place.
 B = Non-inter-level travel time spent in this place.
 C = Inter-level travel time spent in this place.
 D = Time resting spent in this place.
 E = Time spent auto-exploring this place.
 F = Levels seen in this place.
 G = Mean time per level.
                   A        B        C        D        E       F      G
               +--------+--------+--------+--------+--------+-----+--------+
         Total |   5923 |   5873 |     50 |   1671 |   3221 |   4 | 1480.8 |
       Dungeon |   5923 |   5873 |     50 |   1671 |   3221 |   4 | 1480.8 |
               +--------+--------+--------+--------+--------+-----+--------+

Top non-repeatable levels by time:
     D:4: 2489 daAuts
     D:1: 1397 daAuts
     D:3: 1315 daAuts
     D:2: 721 daAuts
